 Dungeon Crawl Stone Soup version 0.23-a0-139-ga22e90c (webtiles) character file.

1365 EvilAliv3 the Cutter (level 8, 0/54 HPs)
             Began as a Halfling Abyssal Knight on Aug 30, 2018.
             Was a Believer of Lugonu.
             Slain by a sky beast (5 damage)
             ... on level 6 of the Dungeon.
             The game lasted 01:03:08 (9177 turns).

EvilAliv3 the Cutter (Halfling Abyssal Knight)      Turns: 9177, Time: 01:03:09

Health: 0/54       AC:  8    Str: 15    XL:     8   Next: 97%
Magic:  11/11      EV: 16    Int: 10    God:    Lugonu [**....]
Gold:   301        SH:  0    Dex: 14    Spells: 7/7 levels left

rFire    . . .     SeeInvis .   a - +1 short sword
rCold    . . .     Gourm    .   (shield restricted)
rNeg     . . .     Faith    .   o - +0 leather armour (curse)
rPois    .         Spirit   .   (no helmet)
rElec    .         Reflect  .   (no cloak)
rCorr    .         Harm     .   p - +0 pair of gloves
MR       .....                  n - +2 pair of boots
Stlth    ++........             (no amulet)
HPRegen  0.18/turn              y - ring of flight
MPRegen  0.12/turn              (no ring)

@: drained
A: small, mutation resistance 1
a: Depart the Abyss, Bend Space, Renounce Religion, Evoke Flight


You were on level 6 of the Dungeon.
You worshipped Lugonu.
Lugonu was pleased with you.
You were not hungry.

You visited 1 branch of the dungeon, and saw 7 of its levels.
You visited the Abyss 1 time.

You collected 301 gold pieces.

Inventory:

Hand Weapons
 a - a +1 short sword (weapon)
Missiles
 e - 97 stones (quivered)
 u - 21 sling bullets
Armour
 l - a +0 chain mail
 n - a +2 pair of boots (worn)
 o - a cursed +0 leather armour (worn)
 p - a +0 pair of gloves (worn)
 t - a +0 ring mail
Jewellery
 y - a ring of flight (left hand)
Wands
 b - a wand of acid (5)
 k - a wand of digging (15)
Scrolls
 d - 2 scrolls of amnesia {unknown}
 f - a scroll of magic mapping {unknown}
 g - 2 scrolls of teleportation
 h - 3 scrolls of remove curse
 m - 2 scrolls of enchant armour {unknown}
 q - a scroll of immolation
 r - 4 scrolls of identify
 w - a scroll of fear {unknown}
Potions
 i - 2 potions of curing
 j - a potion of heal wounds {unknown}
 v - a potion of might
 x - a potion of agility
Comestibles
 c - 12 rations
 s - a chunk of flesh


   Skills:
 + Level 4.4(4.2) Fighting
 * Level 7.0(6.8) Short Blades
 + Level 4.6(4.5) Armour
 + Level 4.3(4.1) Dodging
 + Level 4.3(4.1) Stealth
 + Level 4.6(4.4) Invocations


You had 7 spell levels left.
You didn't know any spells.
Your spell library contained the following spells:

 Spells                   Type           Power        Failure   Level  Hunger
 Animate Skeleton         Necr           N/A          43%         1    ##.....
 Corona                   Hex            #......      43%         1    ##.....
 Pain                     Necr           #...         43%         1    ##.....
 Ensorcelled Hibernation  Hex/Ice        #.....       56%         2    ###....
 Confuse                  Hex            #.......     80%         3    ####...
 Dazzling Spray           Conj/Hex       #.....       80%         3    ####...
 Regeneration             Chrm/Necr      #.........   80%         3    ####...
 Tukima's Dance           Hex            #.......     80%         3    ####...
 Vampiric Draining        Necr           #.........   80%         3    ####...
 Animate Dead             Necr           N/A          99%         4    #####..


Dungeon Overview and Level Annotations

Branches:
Dungeon (7/15)
 Temple: D:4-7

Altars:
Ashenzari
Elyvilon
Nemelex Xobeh
Okawaru
Trog
Yredelemnul

Annotations:
D:6 3 runed doors, SteelSquire's ghost, novice HOFi
D:7 Pikel


Innate Abilities, Weirdness & Mutations

You are small and have problems with some larger weapons.
You are somewhat resistant to further mutation.


Message History

You hit something. Something hits you.
* * * LOW HITPOINT WARNING * * *
Something shocks you.
* * * LOW HITPOINT WARNING * * *
There is an open door, spattered with blood here.
Things that are here:
a robe; a dagger A sky beast appears from thin air!
Reactivating autopickup.
There is an open door here.
You hit the sky beast.
The sky beast is almost dead.
You closely miss the sky beast.
The sky beast is almost dead.
The sky beast flickers out of sight!
Deactivating autopickup; reactivate with Ctrl-A.
Something hits you.
* * * LOW HITPOINT WARNING * * *
Something shocks you.
You die...

#......# #.... #......#
#.... #......# #....
#......# #.... #......#
#.... #####......#####....
#..................#
########[###......#########
#.......>.@{......'.)...##.
#.........##......#######..
#.........####...## #K
########'## #...# #(.
#.#####...#########.
#.....'...'.......##
#.#####...##########
##'#####...# #.
#..........# ##


There were no monsters in sight!

Vanquished Creatures
  Duvessa (D:6)
  3 black bears (D:6)
  A centaur (D:6)
  Blork the orc (D:6)
  A bullfrog (D:7)
  Dowan (D:6)
  A wight (D:6)
  3 howler monkeys
  A crimson imp (D:5)
  2 hounds (D:6)
  A jelly (D:5)
  A bullfrog zombie (D:6)
  2 orc priests
  An orc wizard (D:6)
  Ijyb (D:3)
  An iguana (D:4)
  3 worker ants
  11 adders
  An ooze (D:1)
  An adder skeleton (D:4)
  3 worms
  4 dart slugs
  4 leopard geckos
  14 orcs
  A ball python (D:3)
  4 giant cockroaches
  7 hobgoblins
  9 kobolds
  2 quokkas
  4 bats
  4 frilled lizards
  4 goblins
  A jackal skeleton (D:4)
  9 rats
108 creatures vanquished.

Vanquished Creatures (others)
  2 fungi (D:6)
  2 plants (D:6)
4 creatures vanquished.

Grand Total: 112 creatures vanquished

Notes
Turn   | Place    | Note
-------+----------+-------------------------------------------
     0 | Abyss:1  | EvilAliv3 the Halfling Abyssal Knight began the quest for
                  | the Orb.
     0 | Abyss:1  | Reached XP level 1. HP: 15/15 MP: 2/2
   129 | Abyss:2  | Noticed an apocalypse crab
   131 | D:1      | Escaped the Abyss
   347 | D:1      | Reached XP level 2. HP: 9/20 MP: 3/3
   596 | D:1      | Reached * piety under Lugonu
  1184 | D:2      | Reached XP level 3. HP: 25/25 MP: 4/4
  1191 | D:2      | Reached skill level 3 in Short Blades
  1191 | D:2      | Reached skill level 1 in Stealth
  1624 | D:2      | Reached XP level 4. HP: 22/30 MP: 5/5
  1757 | D:2      | Found a white marble altar of Elyvilon.
  2874 | D:3      | Reached XP level 5. HP: 36/36 MP: 6/6
  2883 | D:3      | Noticed Ijyb
  2903 | D:3      | Killed Ijyb
  2903 | D:3      | Reached ** piety under Lugonu
  3179 | D:3      | Reached skill level 4 in Short Blades
  3462 | D:3      | Found a bloodstained altar of Trog.
  3737 | D:4      | Found a shattered altar of Ashenzari.
  4174 | D:4      | Reached XP level 6. HP: 41/42 MP: 8/8
  5063 | D:5      | Entered Level 5 of the Dungeon
  5205 | D:5      | Noticed an ice beast
  5865 | D:5      | Reached XP level 7. HP: 37/46 MP: 9/9
  6396 | D:6      | HP: 1/46 [black bear (5)]
  6397 | D:6      | Reached skill level 5 in Short Blades
  6799 | D:6      | Found a runed gate.
  6800 | D:6      | Noticed a kobold demonologist
  6801 | D:6      | Found a runed gate.
  6801 | D:6      | Found a runed gate.
  6801 | D:6      | Noticed SteelSquire's ghost (novice HOFi)
  6811 | D:6      | Noticed Blork the orc
  6876 | D:6      | Killed Blork the orc
  6997 | D:6      | Found a sparkling altar of Nemelex Xobeh.
  7038 | D:6      | Noticed Dowan
  7056 | D:6      | Killed Dowan
  7060 | D:6      | Noticed Duvessa
  7322 | D:6      | Found a basalt altar of Yredelemnul.
  7511 | D:6      | Found a sparkling altar of Nemelex Xobeh.
  7600 | D:6      | Reached XP level 8. HP: 38/54 MP: 10/10
  7710 | D:7      | Reached skill level 6 in Short Blades
  7765 | D:7      | Noticed a hornet
  8585 | D:7      | Found an iron altar of Okawaru.
  8762 | D:7      | Noticed Pikel
  8811 | D:6      | Killed Duvessa
  9038 | D:6      | Reached skill level 7 in Short Blades
  9177 | D:6      | Slain by a sky beast

Vault maps used:
D:1:      roderic_dead_forest
D:2:      cheibrodos_helix_gallery, elyvilon_altar_5, serial_bayou_lagoon_b
D:3:      trog_book, uniq_ijyb
D:4:      evilmike_ruin_ashenzari, first_ration
D:6:      nemelex_xobeh_ov_fountains_minmay, yredelemnul_altar_generic,
          gammafunk_ghost_nasty_kobolds, nemelex_lonely_heart_becter,
          uniq_blork_the_orc, uniq_duvessa
D:7:      minmay_temple_entry_enclosed_plants, okawaru_metal_pillars_3,
          uniq_pikel

Skill      XL: |  1  2  3  4  5  6  7  8 |
---------------+-------------------------+-----
Short Blades   | 3 4 5 7 |  7.0
Stealth        | 1 2 3 4 |  4.3
Fighting       | 3 4 |  4.4
Dodging        | 2 3 4 |  4.3
Armour         | 3 4 |  4.6
Invocations    | 3 4 |  4.6

Action                   |  1- 3 |  4- 6 |  7- 9 || total
-------------------------+-------+-------+-------++-------
Melee: Short sword       |    95 |   282 |   346 ||   723
Invok: Depart the Abyss  |     1 |       |       ||     1
Evoke: Wand              |       |       |     1 ||     1
  Use: Potion            |     1 |       |     1 ||     2
       Scroll            |       |     5 |     3 ||     8
 Stab: Sleeping          |     1 |     4 |     3 ||     8
       Distracted        |     1 |       |       ||     1
  Eat: Chunk             |     2 |    13 |     3 ||    18
       Ration            |       |       |     3 ||     3
Armor: Leather armour    |    12 |    42 |    86 ||   140
Dodge: Dodged            |    60 |   145 |   263 ||   468

Table legend:
 A = Non-vault XP
 B = Vault XP
 C = Vault XP percentage of total XP
 D = Non-vault monster count
 E = Vault monster count
 F = Vault count percentage of total count
                 A         B        C        D         E       F
            +---------+---------+-------+---------+---------+-------
      Total |    1609 |     342 |  17.5 |     102 |       6 |   5.6
            +---------+---------+-------+---------+---------+-------
        D:1 |      27 |       0 |   0.0 |      12 |       0 |   0.0
        D:2 |     104 |       2 |   1.9 |      28 |       2 |   6.7
        D:3 |      67 |      36 |  35.0 |      21 |       1 |   4.5
        D:4 |     153 |       0 |   0.0 |      13 |       0 |   0.0
        D:5 |     209 |       0 |   0.0 |       7 |       0 |   0.0
        D:6 |     853 |     304 |  26.3 |      15 |       3 |  16.7
        D:7 |     196 |       0 |   0.0 |       6 |       0 |   0.0
            +---------+---------+-------+---------+---------+-------
